 Dungeon Crawl Stone Soup version 0.20-a0-792-g09bcfd3 (console) character file.

36654 yesno the Covert (level 14, -10/84 HPs)
             Began as a Kobold Abyssal Knight on Feb 20, 2017.
             Was a High Priest of Lugonu.
             Killed from afar by FrankyJ's ghost (28 damage)
             ... with a fireball
             ... on level 2 of the Orcish Mines on Mar 2, 2017.
             The game lasted 02:22:20 (25634 turns).

yesno the Covert (Kobold Abyssal Knight)           Turns: 25634, Time: 02:22:20

Health: -10/84     AC: 15    Str:  9    XL:     14   Next: 24%
Magic:  16/19      EV: 24    Int: 30    God:    Lugonu [*****.]
Gold:   1525       SH:  0    Dex: 22    Spells: 2/23 levels left

rFire    . . .     SeeInvis .   a - +6 morningstar {drain, Int+8 Dex+4}
rCold    . . .     Gourm    .   y - +1 leather armour of Amigreism {rPois}
rNeg     . . .     Faith    .   (shield restricted)
rPois    +         Spirit   .   p - +2 hat
rElec    .         Reflect  .   o - +2 cloak
rCorr    .         Harm     .   d - +2 pair of gloves {Dex+3}
MR       +....     Rnd*Tele +   I - +2 pair of boots
Stlth    ++++++....             U - amulet of magic regeneration
Regen    0.3/turn               K - +4 ring of intelligence
MPRegen  0.3/turn               t - ring of stealth

@: exhausted, slowed, very slow
A: antennae 1, carnivore 3, low mp 1, teleportitis 1, evolution 1, MP-powered
wands
a: Depart the Abyss, Bend Space, Banish, Corrupt, Enter the Abyss, Renounce
Religion


You were on level 2 of the Orcish Mines.
You worshipped Lugonu.
Lugonu was extremely pleased with you.
You were not hungry.

You visited 4 branches of the dungeon, and saw 20 of its levels.
You visited the Abyss 1 time.
You also visited: Ossuary and Bailey.

You collected 1843 gold pieces.
You spent 318 gold pieces at shops.

Inventory:

Hand Weapons
 a - the +6 morningstar of Execution (weapon) {drain, Int+8 Dex+4}
   (You bought it in a shop on level 10 of the Dungeon)

   A truly terrible weapon, it drains the life of those it strikes.
   It affects your intelligence (+8).
   It affects your dexterity (+4).
 b - a +0 shortbow
Missiles
 m - 7 needles of sleeping
 C - 144 arrows
Armour
 d - a +2 pair of gloves of dexterity (worn)
 i - a +2 chain mail of cold resistance
 o - a +2 cloak (worn)
 p - a +2 hat (worn)
 y - the +1 leather armour of Amigreism (worn) {rPois}
   (You found it on level 6 of the Dungeon)

   It protects you from poison.
 B - a +1 leather armour of fire resistance
 E - the +0 ring mail of Zoank {Regen+}
   (You found it on level 1 of the Lair of Beasts)

   It increases your rate of regeneration.
 I - a +2 pair of boots (worn)
Jewellery
 t - a ring of stealth (left hand)
 w - an uncursed ring of fire
 A - an uncursed ring of poison resistance
 D - an uncursed ring of flight
 K - a +4 ring of intelligence (right hand)
 O - an uncursed ring of ice
 U - an amulet of magic regeneration (around neck)
Wands
 f - a wand of enslavement (9/24)
 j - a wand of lightning (7/15)
 n - a wand of confusion (10/48)
 q - a wand of iceblast (11/15)
 x - a wand of polymorph (0/24)
 H - a wand of iceblast (9/15)
 J - a wand of digging (6/24)
 M - a wand of disintegration (8/24)
 P - a wand of disintegration (11/24)
 W - a wand of iceblast (10/15)
Scrolls
 e - 3 scrolls of remove curse
 l - 4 scrolls of amnesia
 F - 5 scrolls of magic mapping
 G - a scroll of recharging
 T - a scroll of holy word
 X - a scroll of identify
Potions
 c - a potion of berserk rage
 u - 3 potions of curing
 R - a potion of resistance
Books
 v - a book of Necromancy

   Spells                             Type                      Level
   a - Pain                           Necromancy                   1
   b - Animate Skeleton               Necromancy                   1
   c - Vampiric Draining              Necromancy                   3
   d - Regeneration                   Charms/Necromancy            3
   e - Animate Dead                   Necromancy                   4
   f - Control Undead                 Necromancy                   4
 L - a book of Misfortune

   Spells                             Type                      Level
   a - Confusing Touch                Hexes                        1
   b - Confuse                        Hexes                        3
   c - Gell's Gravitas                Translocation                3
   d - Petrify                        Transmutation/Earth          4
   e - Metabolic Englaciation         Hexes/Ice                    5
   f - Yara's Violent Unravelling     Hexes/Transmutation          5
 Q - a book of Callings

   Spells                             Type                      Level
   a - Summon Small Mammal            Summoning                    1
   b - Call Imp                       Summoning                    2
   c - Call Canine Familiar           Summoning                    3
   d - Summon Guardian Golem          Hexes/Summoning              3
   e - Summon Lightning Spire         Summoning/Air                4
   f - Summon Ice Beast               Ice/Summoning                4
 S - a book of Alchemy

   Spells                             Type                      Level
   a - Sublimation of Blood           Necromancy                   2
   b - Ignite Poison                  Fire/Transmutation/Poison    3
   c - Petrify                        Transmutation/Earth          4
   d - Alistair's Intoxication        Transmutation/Poison         5
   e - Irradiate                      Conjuration/Transmutation    5
Miscellaneous
 Y - a lamp of fire
Comestibles
 r - 9 royal jellies
 z - 6 meat rations


   Skills:
 - Level 8.5 Fighting
   Level 2.6 Short Blades
 * Level 11.4 Maces & Flails
 - Level 7.6 Bows
 - Level 0.7 Armour
 - Level 10.8 Dodging
 - Level 12.8 Stealth
 + Level 5.0 Spellcasting
 - Level 6.0 Necromancy
 - Level 9.5 Invocations
 - Level 3.8 Evocations


You had 2 spell levels left.
You knew the following spells:

 Your Spells              Type           Power        Failure   Level  Hunger
a - Animate Skeleton      Necr           N/A          1%          1    None
b - Regeneration          Chrm/Necr      ####......   10%         3    None
c - Pain                  Necr           ####         1%          1    None
d - Vampiric Draining     Necr           #####.....   1%          3    None
e - Animate Dead          Necr           N/A          10%         4    ###....
f - Control Undead        Necr           #####.....   10%         4    ###....
g - Confuse               Hex            #.......     28%         3    None
h - Call Imp              Summ           #.......     14%         2    None


Dungeon Overview and Level Annotations

Branches:
Dungeon (11/15)            Temple (1/1) D:6            Lair (6/6) D:9
  Swamp (0/4) Lair:2        Snake (0/4) Lair:2        Slime (0/5) Lair:5
    Orc (2/2) D:11            Elf (0/3) Orc:2

Altars:
Dithmenos
Fedhas
Hepliaklqana
Ru
Trog
Uskayaw
Vehumet
Xom
The Shining One
Beogh

Shops:
D:4 =   D:10 (   D:11 !?}:%   Orc:1 (

Annotations:
D:2 exclusion: worm
D:3 1 runed door
D:4 exclusion: howler monkey
D:5 exclusions: gnoll and iguana, Blork the orc
D:7 exclusions: 2 ice beasts, 2 orcs and sky beast
D:9 hellhounds
D:10 exclusions: orc priest, orc warrior and shadow imp
Lair:1 exclusion: hydra
Lair:2 exclusions: 3 electric eels, naga, 2 yaks and 9 more exclusions
Lair:3 corrupted
Orc:1 corrupted
Orc:2 FrankyJ's ghost, journeyman GrFE


Innate Abilities, Weirdness & Mutations

You are small and have problems with some larger weapons.
You are carnivorous and can eat meat at any time.
You have a pair of small antennae on your head.
Your magical capacity is low. (-10% MP)
You are occasionally teleported next to monsters.
You evolve.
You expend magic power (3 MP) to strengthen your wands.


Message History

Space bends around you!
You blink.
An orc, an orc warrior and an orc priest come into view.
Your skin stops crawling.
The orc shouts!
You take 2 damage, and have 19/84 hp.
You now have 16/19 mp.
Unknown command.
As you read the scroll of fog, it crumbles to dust.
The scroll dissolves into smoke.
The centaur barely misses you.
Unknown command.
The centaur barely misses you. The centaur hits you.
* * * LOW HITPOINT WARNING * * *
The centaur misses you. FrankyJ's ghost closely misses you.
You take 1 damage, and have 19/84 hp.
Unknown command.
FrankyJ's ghost says, "The agents of utter destruction are not stopped by death."
The centaur completely misses you. Space bends around you!
You blink.
FrankyJ's ghost points at you and mumbles some strange words.
The fireball explodes!
The fireball engulfs you!
You die...

#....#....§§.§.§....$o......
##..#......§§§§§§§.......o..
#.........§§T§§§.......o.o.
#..........§.§§...o....o...
#...........cW..............
##..........^..................
##.........@...#.Z.......$.
##................$.......
##.........$....(....#...
#.......................#
#.#.............(........<
..........................
#...<.......((......#..
#......)..(.#..........
##.#....##...#Z......#.


You could see a troll, an orc warrior, a centaur, FrankyJ's ghost and an orc.

Vanquished Creatures
  An orc warlord (Orc:1)
  Josephine (Lair:6)
  A hydra (Lair:3)
  A two-headed ogre (D:8)
  An unseen horror (D:11)
  An orc knight (Bailey)
  3 elephants
  Joseph (D:8)
  A torpor snail (Lair:3)
  5 spiny frogs
  8 komodo dragons
  2 trolls
  A hornet (D:8)
  A polar bear (Lair:6)
  11 blink frogs
  10 hippogriffs
  Sigmund (D:3)
  31 yaks
  2 wraiths
  4 hogs (D:7)
  A wyvern (Lair:1)
  A human (D:7)
  2 basilisks
  5 swamp worms (Lair:2)
  A hell hound (D:9)
  13 porcupines
  2 nagas (Lair:2)
  5 water moccasins
  A black bear (D:8)
  8 orc warriors
  A necrophage (D:6)
  An eye of draining (D:8)
  An ice beast (D:8)
  6 ogres
  2 sky beasts
  2 phantoms
  6 centaurs
  12 crocodiles
  2 big kobolds
  12 bullfrogs
  A wyvern skeleton (D:11)
  5 scorpions
  A crimson imp (D:8)
  A quasit (D:9)
  3 jellies
  5 centaur zombies
  3 bullfrog skeletons
  2 bullfrog zombies
  2 hounds
  5 orc priests
  7 orc wizards
  2 centaur skeletons
  Terence (D:3)
  Jessica (D:2)
  4 iguanas
  Natasha (thrice) (D:4)
  4 worker ants
  A killer bee zombie (D:10)
  An ogre zombie (Ossuary)
  6 mummies (Ossuary)
  A worker ant zombie (D:10)
  Robin (D:2)
  7 adders
  5 gnolls
  A shadow imp (D:9)
  An ooze (Lair:5)
  2 adder skeletons (D:4)
  3 adder zombies (Ossuary)
  3 worms (D:3)
  4 dart slugs
  6 leopard geckos
  18 orcs
  2 ball pythons
  8 bats
  5 giant cockroaches
  2 gnoll zombies (Ossuary)
  22 goblins
  10 hobgoblins
  13 jackals
  27 kobolds
  9 quokkas
  5 frilled lizards
  4 goblin zombies (Ossuary)
  A hobgoblin zombie (Ossuary)
  7 kobold zombies (Ossuary)
  A leopard gecko skeleton (D:4)
  An orc zombie (Ossuary)
  A quokka skeleton (D:9)
  4 quokka zombies (Ossuary)
  7 rats
  2 rat zombies (Ossuary)
412 creatures vanquished.

Vanquished Creatures (collateral kills)
  Kirke (Lair:4)
  Nessos (Lair:4)
  Snorg (Orc:2)
  A spiny frog (Lair:4)
  2 hippogriffs
  5 blink frogs (Lair:4)
  A bullfrog (Lair:2)
  A wyvern (Lair:6)
  A wraith (Lair:6)
  4 yaks
  A basilisk (Lair:3)
  3 porcupines (Lair:3)
  A crocodile (Lair:4)
  2 jellies (Lair:5)
  An ooze (Lair:5)
  An orc (D:11)
  2 fungi (Lair:3)
29 creatures vanquished.

Vanquished Creatures (others)
  2 spiny frogs
  5 elephants (Lair:3)
  A hornet (D:10)
  3 yaks (Lair:3)
  3 humans (Lair:4)
  2 water moccasins (Lair:3)
  A warg (Orc:1)
  A porcupine (Lair:3)
  An ogre (D:6)
  4 orc warriors (Orc:1)
  5 orc priests (Orc:1)
  3 orc wizards (Orc:1)
  16 orcs
  4 goblins (Orc:1)
  7 fungi
  7 plants
  2 starspawn tentacles (Lair:3)
67 creatures vanquished.

Grand Total: 508 creatures vanquished

Notes
Turn   | Place    | Note
-------+----------+-------------------------------------------
     0 | Abyss:1  | yesno the Kobold Abyssal Knight began the quest for the Orb.
     0 | Abyss:1  | Reached XP level 1. HP: 14/14 MP: 2/2
     1 | Abyss:1  | Found a corrupted altar of Lugonu.
     5 | D:1      | Escaped the Abyss
   124 | D:1      | Reached XP level 2. HP: 19/19 MP: 3/3
   181 | D:1      | Reached skill level 1 in Stealth
   432 | D:1      | Reached skill level 2 in Stealth
   432 | D:1      | Reached XP level 3. HP: 22/23 MP: 4/4
   577 | D:1      | Reached ** piety under Lugonu
   733 | D:2      | Noticed Robin
  1134 | D:2      | Reached XP level 4. HP: 24/29 MP: 4/6
  1238 | D:2      | Killed Robin
  1350 | D:2      | Reached skill level 3 in Stealth
  1556 | D:3      | Noticed Terence
  1588 | D:3      | Killed Terence
  1588 | D:3      | Reached XP level 5. HP: 18/33 MP: 5/7
  1614 | D:3      | Gained mutation: You expend magic power (3 MP) to strengthen your wands. [potion of mutation]
  1614 | D:3      | Gained mutation: You have sharp toenails. [potion of mutation]
  1829 | D:3      | Found a bloodstained altar of Trog.
  2248 | D:2      | Noticed Jessica
  2261 | D:2      | Killed Jessica
  2744 | D:3      | Found a shimmering altar of Xom.
  2744 | D:3      | Found a shimmering altar of Xom.
  2744 | D:3      | Found a shimmering altar of Xom.
  2757 | D:3      | Reached skill level 4 in Stealth
  2805 | D:3      | Reached XP level 6. HP: 37/39 MP: 8/8
  2811 | D:3      | Reached *** piety under Lugonu
  2836 | D:3      | Noticed a phantom
  3097 | D:3      | Killed a phantom
  3273 | D:3      | Found a runed door.
  3321 | D:3      | Noticed Sigmund
  3335 | D:3      | Killed Sigmund
  3335 | D:3      | Reached skill level 5 in Fighting
  3335 | D:3      | Reached skill level 5 in Stealth
  3335 | D:3      | Reached XP level 7. HP: 31/44 MP: 8/10
  3347 | D:3      | Found a hazy altar of Hepliaklqana.
  3881 | D:4      | Noticed Natasha
  3893 | D:4      | Killed Natasha
  3950 | D:4      | Noticed Natasha
  3967 | D:4      | Killed Natasha
  3977 | D:4      | Noticed Natasha
  3988 | D:4      | Killed Natasha
  3991 | D:4      | Reached skill level 5 in Dodging
  4537 | D:4      | Found Susei's Jewellery Shoppe.
  4670 | D:5      | Entered Level 5 of the Dungeon
  4996 | D:5      | HP: 2/44 [iguana (1)]
  5205 | D:5      | Noticed Blork the orc
  5828 | D:4      | Found a blossoming altar of Fedhas.
  5828 | D:4      | Found a radiant altar of Vehumet.
  6029 | D:6      | Found a sand-covered staircase.
  6038 | Ossuary  | Entered an ossuary
  6343 | Ossuary  | Reached XP level 8. HP: 50/50 MP: 11/11
  6415 | Ossuary  | Reached **** piety under Lugonu
  6415 | Ossuary  | Reached skill level 6 in Stealth
  6596 | Ossuary  | Noticed Menkaure
  7389 | Ossuary  | Reached skill level 5 in Invocations
  7544 | D:6      | Found a staircase to the Ecumenical Temple.
  7810 | D:6      | Reached skill level 7 in Stealth
  7848 | D:6      | Got an ichor-stained leather armour
  7859 | D:6      | Identified the +1 leather armour of Amigreism {rPois} (You found it on level 6 of the Dungeon)
  8315 | D:6      | Lost mutation: You expend magic power (3 MP) to strengthen your wands. [potion of mutation]
  8315 | D:6      | Lost mutation: You have sharp toenails. [potion of mutation]
  8315 | D:6      | Gained mutation: You expend magic power (3 MP) to strengthen your wands. [potion of mutation]
  8315 | D:6      | Gained mutation: Your system is resistant to poisons. (rPois) [potion of mutation]
  8408 | D:6      | Reached skill level 1 in Bows
  8494 | Temple   | Entered the Ecumenical Temple
  8536 | D:7      | Reached XP level 9. HP: 55/55 MP: 13/13
  8641 | D:7      | Found a sacrificial altar of Ru.
  8794 | D:7      | Reached skill level 8 in Stealth
  9516 | D:8      | Found a shadowy altar of Dithmenos.
  9602 | D:8      | Reached skill level 9 in Stealth
  9665 | D:8      | Noticed a hornet
  9668 | D:8      | Noticed Joseph
  9676 | D:8      | Killed a hornet
  9706 | D:8      | Killed Joseph
  9706 | D:8      | Reached XP level 10. HP: 28/60 MP: 15/15
  9868 | D:8      | You fall through a shaft!
  9868 | D:9      | Noticed a two-headed ogre
  9937 | D:8      | Reached skill level 10 in Stealth
 10004 | D:8      | Noticed a dagger
 10004 | D:8      | Noticed a dagger
 10005 | D:8      | Found a hide-covered altar of Uskayaw.
 10547 | D:8      | Reached skill level 10 in Dodging
 10547 | D:8      | Reached skill level 12 in Stealth
 10547 | D:8      | Reached XP level 11. HP: 64/64 MP: 15/18
 10550 | D:8      | Learned a level 1 spell: Animate Skeleton
 10554 | D:8      | Learned a level 3 spell: Regeneration
 10556 | D:8      | Learned a level 1 spell: Pain
 10560 | D:8      | Learned a level 3 spell: Vampiric Draining
 10565 | D:8      | Learned a level 4 spell: Animate Dead
 10570 | D:8      | Learned a level 4 spell: Control Undead
 10571 | D:8      | Got an ichor-stained battleaxe
 10805 | D:8      | Upgraded the game from 0.20-a0-689-g860b9ab to 0.20-a0-710-g71b569a
 10976 | D:8      | Killed a two-headed ogre
 10976 | D:8      | Reached skill level 1 in Necromancy
 11360 | D:9      | Gained mutation: You evolve. [mutagenic meat]
 11361 | D:9      | Lost mutation: Your system is resistant to poisons. (rPois) [mutagenic meat]
 11362 | D:9      | Gained mutation: You have a pair of small antennae on your head. [mutagenic meat]
 11403 | D:9      | Found a staircase to the Lair.
 11561 | D:10     | Entered Level 10 of the Dungeon
 12245 | D:11     | Found Venov's Gadget Shop.
 12249 | D:11     | Noticed a manticore
 12309 | D:11     | Found Habacria's Food Shop.
 12327 | D:11     | Bought a meat ration for 60 gold pieces
 12327 | D:11     | Bought a meat ration for 60 gold pieces
 12894 | D:11     | Found a staircase to the Orcish Mines.
 13002 | D:11     | Found a blossoming altar of Fedhas.
 13004 | D:11     | Gained mutation: Your magical capacity is low. (-10% MP) [evolution]
 13315 | D:11     | Found Yghelex's Book Shoppe.
 14095 | D:11     | Noticed a cyclops
 14469 | D:10     | Found Raek's Antique Weapon Shoppe.
 14472 | D:10     | Bought a scorched morningstar for 198 gold pieces
 14472 | D:10     | Identified the +6 morningstar of Execution {drain, Int+8 Dex+4} (You bought it in a shop on level 10 of the Dungeon)
 14664 | D:9      | Found a glowing golden altar of the Shining One.
 14692 | D:10     | Reached skill level 1 in Maces & Flails
 14958 | D:8      | Noticed a rakshasa
 15351 | D:9      | Reached ***** piety under Lugonu
 15561 | D:9      | Reached skill level 1 in Evocations
 15561 | D:9      | Reached XP level 12. HP: 70/70 MP: 13/17
 15574 | Lair:1   | Entered Level 1 of the Lair of Beasts
 15707 | Lair:1   | Got a bloodstained ring mail
 15718 | Lair:1   | Identified the +0 ring mail of Zoank {Regen+} (You found it on level 1 of the Lair of Beasts)
 16371 | Lair:1   | Noticed an eight-headed hydra
 17295 | Lair:2   | Found a staircase to the Snake Pit.
 17332 | Lair:2   | Learned a level 3 spell: Confuse
 17566 | Lair:2   | Reached skill level 5 in Maces & Flails
 17993 | Lair:2   | Found a staircase to the Swamp.
 18330 | Lair:2   | Upgraded the game from 0.20-a0-710-g71b569a to 0.20-a0-733-gf92fd71
 18330 | Lair:2   | Upgraded the game from 0.20-a0-733-gf92fd71 to 0.20-a0-738-gb057e68
 18330 | Lair:2   | Upgraded the game from 0.20-a0-738-gb057e68 to 0.20-a0-792-g09bcfd3
 19094 | Lair:3   | Reached skill level 5 in Necromancy
 19173 | Lair:3   | Reached XP level 13. HP: 54/74 MP: 18/18
 19201 | Lair:3   | Corrupted Lair:3
 19201 | Lair:3   | Noticed a balrug
 19201 | Lair:3   | Noticed a starcursed mass
 19203 | Lair:3   | Noticed a tentacled starspawn
 19204 | Lair:3   | Noticed an eight-headed hydra
 19211 | Lair:3   | Killed an eight-headed hydra
 20438 | Lair:4   | Noticed Kirke
 20552 | Lair:4   | Killed Kirke
 20673 | Lair:4   | Noticed Nessos
 20703 | Lair:4   | Killed Nessos
 22387 | Lair:5   | Reached skill level 10 in Maces & Flails
 22598 | Lair:5   | Found a staircase to the Slime Pits.
 23146 | Lair:5   | Gained mutation: You are occasionally teleported next to monsters. [evolution]
 23210 | Lair:6   | Entered Level 6 of the Lair of Beasts
 23362 | Lair:6   | Noticed Josephine
 23378 | Lair:6   | Killed Josephine
 23861 | D:11     | Reached XP level 14. HP: 60/84 MP: 19/19
 23923 | D:11     | Found Giowk's Distillery.
 24168 | D:11     | Found Hoirch's Magic Scroll Shoppe.
 24324 | Orc:1    | Entered Level 1 of the Orcish Mines
 24325 | Orc:1    | Corrupted Orc:1
 24325 | Orc:1    | Noticed a starcursed mass
 24327 | Orc:1    | Found a flagged portal.
 24347 | Orc:1    | Noticed a starcursed mass
 24382 | Orc:1    | Noticed an Executioner
 24462 | Orc:1    | Noticed a tentacled starspawn
 24533 | Bailey   | Entered a bailey
 24708 | Bailey   | Found a burning altar of Makhleb.
 24805 | Orc:1    | Found Inaiw's Weapon Shop.
 24876 | Orc:1    | Learned a level 2 spell: Call Imp
 25177 | Orc:2    | Entered Level 2 of the Orcish Mines
 25177 | Orc:2    | Found a staircase to the Elven Halls.
 25179 | Orc:2    | Found a roughly hewn altar of Beogh.
 25252 | Orc:2    | Noticed FrankyJ's ghost (journeyman GrFE)
 25337 | Orc:1    | Noticed an orc warlord
 25411 | Orc:1    | Killed an orc warlord
 25600 | Orc:2    | Noticed Snorg
 25620 | Orc:2    | Killed Snorg
 25620 | Orc:2    | Reached skill level 5 in Spellcasting
 25634 | Orc:2    | Killed from afar by FrankyJ's ghost

Vault maps used:
D:1:      scummos_arrival_simple_fountains
D:2:      kennysheep_generic_room_5, uniq_robin, uniq_jessica
D:3:      nicolae_overflow_crystal_walls, xom_redecorated,
          lightli_sewer_entry_pipes, trog_hazing_becter, uniq_sigmund,
          uniq_terence, uniq_crazy_yiuf_cottage
D:4:      gammafunk_temple_overflow_statue, serial_shops, shop, first_bread,
          dk_vineyard_3, uniq_natasha
D:5:      yredelemnul_forgotten_temple_becter, moated_statue, water_maze_lemuel,
          uniq_edmund, uniq_duvessa, uniq_blork_the_orc
D:6:      minmay_temple_entry_glass, nicolae_ossuary_entry_ruins
D:7:      nicolae_ru_awakened_eye, marbit_many_paths, grunt_livestock,
          serial_bayou_pond_b
D:8:      dancing_weapons_uskayaw, basic_altar, minivault_10, uniq_joseph
D:9:      nicolae_overflow_hidden_temple, minmay_lair_entry_lava
D:10:     serial_shops, kennysheep_mini
D:11:     kennysheep_spiral_hall, orc_0_dummy, serial_shops,
          kennysheep_mini_moat, nicolae_shop_waterfront, nicolae_shop_stone,
          nicolae_shop_stone, shop, hangedman_decor_riveting, fedhas_altar_2
Temple:   minmay_temple_forest_path
Lair:1:   grunt_megastairs_5
Lair:2:   nicolae_swamp_entry_splash_gauntlet, guppyfry_snake_entry_island,
          wad_woods_river_01
Lair:3:   beast_lair_carwin_7, grunt_megastairs_4
Lair:4:   uniq_nessos, uniq_kirke
Lair:5:   nicolae_slime_entry_slimehenge
Lair:6:   grunt_lair_end_beastmaster, uniq_josephine
Orc:1:    enter_bailey_3, serial_shops, shop
Orc:2:    st_orc_rangers, basic_altar, uniq_snorg
Ossuary:  ossuary_boxes_badplayer
Bailey:   bailey_axe_3, bailey

Skill      XL: |  1  2  3  4  5  6  7  8  9 10 11 12 13 14 |
---------------+-------------------------------------------+-----
Stealth        | 2 3 4 5 7 9 12 | 12.8
Dodging        | 3 4 5 6 8 10 | 10.8
Fighting       | 4 5 6 8 |  8.5
Invocations    | 3 4 5 7 9 |  9.5
Bows           | 1 4 6 7 |  7.6
Spellcasting   | 4 5 |  5.0
Necromancy     | 2 5 6 |  6.0
Maces & Flails | 1 7 10 11 | 11.4
Evocations     | 1 3 |  3.8
Short Blades   | |  2.6
Armour         | |  0.7

Action                   |  1- 3 |  4- 6 |  7- 9 | 10-12 | 13-15 || total
-------------------------+-------+-------+-------+-------+-------++-------
Melee: Short sword       |   118 |   300 |   550 |   344 |       ||  1312
       Kick              |       |    41 |   125 |       |       ||   166
       Morningstar       |       |       |       |   312 |   414 ||   726
       Shortbow          |       |       |       |     1 |       ||     1
 Fire: Shortbow          |       |       |    31 |   339 |    27 ||   397
 Cast: Vampiric Draining |       |       |       |    15 |    17 ||    32
       Regeneration      |       |       |       |     9 |    30 ||    39
       Animate Dead      |       |       |       |     7 |    18 ||    25
       Pain              |       |       |       |     1 |       ||     1
       Call Imp          |       |       |       |       |     1 ||     1
Invok: Bend Space        |     1 |     4 |    38 |   110 |    29 ||   182
       Banish            |       |       |     2 |     2 |       ||     4
       Corrupt           |       |       |       |       |     2 ||     2
 Abil: Evoke Flight      |       |       |       |     1 |     2 ||     3
Evoke: Wand              |       |       |     2 |    23 |    19 ||    44
  Use: Scroll            |     5 |     2 |    13 |    21 |    15 ||    56
       Potion            |     1 |     5 |    12 |     6 |    14 ||    38
 Stab: Sleeping          |     1 |     3 |    30 |    14 |     5 ||    53
       Distracted        |       |       |     1 |     4 |     9 ||    14
       Confused          |       |       |       |    12 |     7 ||    19
  Eat: Chunk             |     3 |     8 |    16 |    29 |    19 ||    75
       Meat ration       |       |       |     1 |     1 |       ||     2
       Royal jelly       |       |       |       |       |     3 ||     3
Armor: Leather armour    |    27 |    63 |    85 |   129 |    77 ||   381
       Skin              |       |       |    19 |       |       ||    19
       Ring mail         |       |       |       |     1 |    40 ||    41
Dodge: Dodged            |   101 |   220 |   375 |   801 |   562 ||  2059
